Map: Dusk Towers

Players

TRiLoBiT

  • Race: Zerg Zerg
  • League: Master

Miszu - Winner!

  • Race: Terran Terran
  • League: Master

VOD

Have the link to the VOD?

Description

Time

  • Played on: June 26, 2016, 6:57 a.m.
  • Length: 10:03
Show
View Real Time Build Order
Export as new Build Order

TRiLoBiT Zerg 

Build Orders: Hatch First 

Get SALT Encoding   

  12  0:00  Drone  
  13  0:13  Overlord  
  13  0:17  Drone  
  14  0:31  Drone x2  
  16  0:35  Drone  
  17  0:55  Hatchery  
  16  0:57  Drone  
  16  1:01  Drone  
  18  1:07  Drone  
  19  1:18  Spawning Pool  
  19  1:20  Drone  
  19  1:22  Extractor  
  18  1:31  Drone  
  19  1:40  Drone  
  20  1:50  Hatchery  
  19  2:06  Queen  
  19  2:07  Zergling x4  
  19  2:08  Zergling x2  
  24  2:13  Drone  
  25  2:17  Drone  
  25  2:22  Overlord  
  26  2:26  Metabolic Boost  
  25  2:37  Spore Crawler  
  25  2:38  Drone x2  
  26  2:45  Queen  
  29  2:52  Drone x2  
  29  2:53  Drone  
  32  3:02  Queen  
  34  3:07  Overlord  
  34  3:10  Drone  
  34  3:12  Drone  
  36  3:14  Drone  
  37  3:21  Drone x3  
  37  3:26  Drone x2  
  42  3:32  Overlord  
  42  3:34  Drone  
  42  3:38  Drone x2  
  45  3:43  Roach Warren  
  45  3:44  Extractor  
  43  3:51  Drone x4  
  47  3:57  Overlord  
  47  4:00  Drone x3  
  50  4:05  Lair  
  50  4:10  Drone  
  50  4:11  Drone  
  50  4:15  Drone  
  50  4:16  Drone  
  54  4:17  Spore Crawler  
  54  4:18  Spore Crawler  
  52  4:26  Drone x4  
  52  4:28  Overlord  
  56  4:31  Spore Crawler  
  56  4:32  Roach x2  
  59  4:38  Overlord  
  59  4:42  Roach  
  59  4:43  Roach x2  
  65  4:49  Evolution Chamber  
  65  4:51  Evolution Chamber  
  63  4:55  Drone x2  
  63  4:57  Drone x3  
  63  4:58  Drone  
  69  5:00  Extractor  
  69  5:04  Glial Reconstitution  
  68  5:07  Drone  
  68  5:08  Drone x5  
  68  5:11  Extractor x2  
  72  5:14  Ravager x2  
  72  5:15  Ravager  
  74  5:22  Drone x4  
  74  5:25  Zerg Missile Weapons Level 1, Extractor  
  74  5:27  Drone  
  74  5:28  Drone x4  
  82  5:31  Overlord  
  82  5:44  Zerg Ground Armor Level 1  
  82  5:51  Overlord  
  82  5:52  Hatchery  
  82  5:53  Roach x4  
  82  5:55  Overlord  
  89  5:59  Drone  
  89  6:02  Overlord  
  90  6:04  Overlord  
  90  6:09  Drone  
  91  6:13  Drone x4  
  91  6:14  Infestation Pit  
  91  6:16  Roach x3  
  100  6:26  Overlord  
  100  6:27  Drone  
  100  6:29  Roach x5  
  111  6:35  Overlord  
  111  6:39  Roach x4  
  115  6:52  Roach  
  115  6:53  Roach x2  
  121  7:02  Hive  
  121  7:06  Spire  
  120  7:09  Queen  
  120  7:10  Drone x2  
  120  7:11  Drone x5  
  120  7:12  Drone  
  120  7:13  Overlord  
  120  7:14  Overlord  
  130  7:22  Overlord  
  130  7:24  Zerg Melee Weapons Level 1  
  130  7:27  Overlord  
  130  7:28  Roach  
  132  7:30  Pathogen Glands  
  132  7:33  Roach x5  
  132  7:34  Roach x2  
  146  7:37  Extractor  
  146  7:39  Extractor, Drone x4  
  146  7:43  Pneumatized Carapace  
  148  7:45  Overlord  
  148  7:52  Overlord  
  145  8:01  Overlord  
  143  8:10  Overlord, Drone x4  
  147  8:18  Corruptor, Drone x2  
  147  8:19  Corruptor x4  
  159  8:20  Ultralisk Cavern  
  159  8:25  Ravager x4  
  159  8:26  Ravager  
  163  8:29  Roach x2  
  163  8:31  Roach  
  163  8:32  Roach  
  171  8:34  Overlord  
  171  8:37  Spore Crawler  
  145  8:52  Roach x6  
  145  8:53  Roach x6  
  148  8:58  Roach  
  148  8:59  Roach x3  
  129  9:19  Ultralisk  
  129  9:23  Ultralisk  
  141  9:29  Roach x4  
  141  9:30  Zergling x6  
Show
View Real Time Build Order
Export as new Build Order

Miszu Terran - Winner!

Build Orders: Reaper Expand, MMM Bio 

Get SALT Encoding   

  12  0:00  SCV  
  13  0:13  SCV  
  14  0:17  Supply Depot  
  14  0:25  SCV  
  15  0:39  SCV  
  15  0:40  Barracks  
  16  0:44  Refinery  
  16  0:51  SCV  
  17  1:04  SCV  
  18  1:16  SCV  
  19  1:27  Reaper  
  19  1:29  Orbital Command  
  20  1:41  Command Center  
  20  1:51  Supply Depot  
  20  1:54  SCV  
  20  1:59  Marine  
  22  2:08  Factory  
  22  2:09  SCV  
  23  2:21  SCV  
  23  2:22  Barracks Reactor  
  24  2:33  SCV  
  25  2:45  SCV  
  26  2:53  Command Center, Orbital Command  
  26  2:57  SCV  
  27  3:05  Barracks Tech Lab  
  27  3:09  SCV  
  27  3:10  Hellion x2  
  32  3:19  SCV  
  33  3:22  SCV  
  33  3:24  Marine, Stimpack  
  35  3:31  SCV  
  35  3:34  Refinery, SCV  
  37  3:41  Barracks  
  37  3:43  SCV  
  37  3:44  Factory Reactor  
  37  3:45  Marine, Barracks  
  37  3:47  SCV  
  40  3:55  SCV  
  40  3:59  SCV  
  42  4:07  Refinery x2, SCV  
  43  4:10  Engineering Bay x2  
  43  4:11  SCV  
  43  4:14  Orbital Command  
  44  4:17  Marine  
  44  4:20  SCV  
  44  4:23  SCV  
  47  4:31  Factory Reactor  
  47  4:32  SCV  
  47  4:34  Marine  
  47  4:35  SCV  
  47  4:36  Terran Infantry Weapons Level 1  
  47  4:37  Terran Infantry Armor Level 1  
  51  4:39  Marine  
  51  4:42  Starport  
  51  4:44  SCV  
  51  4:45  Orbital Command  
  52  4:47  Marine, SCV  
  52  4:48  Marine  
  52  4:52  Marine  
  57  4:54  Supply Depot  
  57  4:56  SCV  
  57  4:57  Supply Depot  
  57  4:59  Marine x2, SCV  
  60  5:08  SCV  
  61  5:14  Barracks  
  61  5:15  Barracks  
  61  5:16  SCV x2  
  61  5:17  Factory Reactor  
  63  5:22  Supply Depot x2  
  63  5:23  SCV  
  63  5:26  Combat Shields  
  63  5:28  Marine x2, SCV  
  65  5:35  Marine, Medivac x2, SCV  
  72  5:37  Marine  
  72  5:38  Marine  
  72  5:42  SCV  
  76  5:43  SCV  
  76  5:46  Supply Depot  
  76  5:47  SCV  
  78  5:50  Marine  
  78  5:51  Marine  
  78  5:54  SCV  
  78  5:56  Marine, SCV  
  78  5:57  Marine x2, Armory  
  83  5:59  SCV  
  86  6:05  Supply Depot  
  86  6:06  SCV  
  86  6:08  SCV  
  86  6:09  Supply Depot  
  86  6:10  Marine  
  89  6:12  Marine  
  89  6:14  Barracks Reactor x2, Marine x2  
  89  6:15  Marine  
  89  6:17  SCV  
  94  6:19  SCV  
  94  6:20  SCV  
  96  6:28  Marine  
  96  6:29  Supply Depot, SCV  
  96  6:31  SCV  
  99  6:33  Supply Depot  
  99  6:35  Marauder  
  99  6:39  Marine  
  98  6:40  Marine x2  
  98  6:43  Medivac x2  
  98  6:46  Marine  
  102  6:51  Marine x4  
  102  6:53  Factory Tech Lab  
  104  6:57  Marine  
  104  6:58  Marine x2  
  108  7:03  Marine  
  108  7:04  Supply Depot  
  108  7:07  Supply Depot  
  108  7:08  Marine, Barracks  
  109  7:09  Marine x2, Barracks, Concussive Shells  
  109  7:10  Barracks  
  109  7:11  Marauder  
  109  7:12  Marine  
  109  7:15  Marine x2  
  115  7:16  Medivac x2  
  119  7:23  Marine  
  119  7:24  Marine  
  119  7:28  Marine x3  
  124  7:30  Marine  
  124  7:36  Supply Depot  
  127  7:37  Supply Depot  
  127  7:42  Marine x4  
  131  7:46  Marine x3, Medivac x2  
  131  7:47  Terran Infantry Armor Level 2, Terran Infantry Weapons Level 2  
  132  8:01  Marine, Marauder  
  132  8:02  Barracks Tech Lab x3  
  132  8:04  Marine  
  132  8:05  Marine x4  
  136  8:06  Marine x2  
  136  8:12  Command Center  
  139  8:17  Medivac  
  139  8:18  Marine  
  142  8:22  Marine, Marauder  
  142  8:23  Marauder x3  
  142  8:24  Marine x2  
  142  8:25  Marine x2  
  142  8:26  Marine x2  
  157  8:36  Marine  
  157  8:40  Marine  
  159  8:41  Marine  
  159  8:44  Marauder  
  151  8:51  Marine x6, Marauder  
  151  8:52  Marine  
  151  8:53  Siege Tank  
  151  8:54  Marine  
  150  8:58  Marine  
  150  8:59  Marine  
  140  9:05  Marine  
  140  9:09  Marine x7  
  140  9:12  Marine  
  140  9:13  Marauder  
  140  9:14  Medivac x2  
  140  9:16  Marine  
  149  9:17  Marine  
  149  9:21  Supply Depot x2  
  149  9:22  Supply Depot  
  149  9:23  Marauder  
  152  9:26  Marine  
  152  9:27  Marine x4  
  152  9:28  Marauder x2  
  161  9:34  Marauder  
  163  9:44  Marine  
  163  9:45  Marine x5  
Tags
 
Add a new tag
Caveats
  • Supply blocks, unpowered buildings, or Contaminate may cause inaccurate times.
  • Supply counts are checked every 10 seconds.